 Dungeon Crawl Stone Soup version bcrawl-1.12-5-g74a5124548 (webtiles) character file.

Game seed: 12979906786683266512

734 Morbidden the Magician (level 7, -1/41 HPs)
             Began as an Avariel Reaver on June 1, 2019.
             Was a Believer of Vehumet.
             Slain by a sky beast (6 damage)
             ... on level 3 of the Dungeon.
             The game lasted 00:14:35 (6414 turns).

Morbidden the Magician (Avariel Reaver)             Turns: 6414, Time: 00:14:36

Health: -1/41      AC:  7    Str:  9    XL:     7   Next: 74%
Magic:  17/17      EV: 14    Int: 21    God:    Vehumet [**....]
Gold:   281        SH:  1    Dex: 12    Spells: 16/17 levels left

rFire    . . .     SeeInvis .   a - +0 long sword
rCold    . . .     Gourm    .   (no shield)
rNeg     . . .     Faith    .   b - +2 steam dragon scales
rPois    .         Spirit   .   (no helmet)
rElec    .         Reflect  .   (no cloak)
rCorr    +         Harm     .   (no gloves)
MR       .....                  (no boots)
Stlth    ++........             (no amulet)
HPRegen  0.13/turn              s - ring of resist corrosion
MPRegen  0.15/turn              (no ring)

@: no status effects
A: no striking features
a: Renounce Religion


You were on level 3 of the Dungeon.
You worshipped Vehumet.
Vehumet was pleased with you.
You were not hungry.

You visited 2 branches of the dungeon, and saw 6 of its levels.

You collected 281 gold pieces.

Inventory:

Hand Weapons
 a - a +0 long sword (weapon)
Armour
 b - +2 steam dragon scales (worn)
Jewellery
 s - a ring of resist corrosion (left hand)
Scrolls
 d - 2 scrolls of immolation
 g - a scroll of remove curse
 j - 3 scrolls of identify
 k - 7 scrolls of teleportation
Potions
 h - 2 potions of cancellation {unknown}
 i - a potion of mutation {unknown}
 o - a potion of degeneration {unknown}
 p - a potion of heal wounds {unknown}
 q - a potion of curing {unknown}
 r - a potion of might
 t - a potion of agility {unknown}
Comestibles
 f - 5 rations {!d}


   Skills:
 + Level 3.3 Fighting
 + Level 5.4 Long Blades
 + Level 5.1 Dodging
 + Level 1.0 Stealth
 * Level 5.5 Spellcasting
 * Level 4.0 Conjurations
 - Level 2.0 Fire Magic


You had 16 spell levels left.
You knew the following spells:

 Your Spells              Type           Power        Failure   Level  Hunger
a - Flame Tongue          Conj/Fire      ###..        3%          1    None

Your spell library contained the following spells:

 Spells                   Type           Power        Failure   Level  Hunger
 Searing Ray              Conj           ###...       3%          2    None
 Iskenderun's Battlesphe  Conj/Chrm      ##......     77%         5    #####..


Dungeon Overview and Level Annotations

Branches:
Dungeon (5/12)             Temple (1/1) D:4

Altars:
Makhleb


Message History

Deactivating autopickup; reactivate with Ctrl-A.
Something hits you but does no damage.
You barely miss something. Something hits you but does no damage.
You miss something. Something hits you but does no damage.
You barely miss something. Something hits you but does no damage.
You barely miss something. Something hits you but does no damage.
You miss something.
A sky beast appears from thin air!
Reactivating autopickup.
The sky beast hits you.
* * * LOW HITPOINT WARNING * * *
The sky beast shocks you.
* * * LOW HITPOINT WARNING * * *
You hit the sky beast but do no damage.
The sky beast is heavily wounded.
You feel less wooden.
Your +2 steam dragon scales unmelds from your body.
The sky beast hits you.
* * * LOW HITPOINT WARNING * * *
The sky beast shocks you.
You die...

......#
#....##.....##..#.#
)...#.#
#....##.........#.#
.##.#.#
###....##.......#.#.#
.##.#.#
#......##.......#...#
.##.#.#
#.#.............##..##
.##.#.#
#.#...###............#
.##.#.# #.#...#
#....≈.....>.# .##.#.#
#.#...###....##......#
.##.#.#
#.#<...@Y.#####......#
.##.#.#
#.###'################
..#.#.####.##...........#
..#.#......##...........#
#.#.####...##...........#
..#.# ##..##...........#
###.####................#
#........#.#)##########
######..>#.#.#


You could see a sky beast.

Vanquished Creatures
  A sky beast (D:5)
  A phantom (D:4)
  An orc priest (D:4)
  3 hounds
  7 orc wizards
  3 iguanas
  2 worker ants (D:3)
  A gnoll (D:1)
  2 adders (D:3)
  4 worms
  4 dart slugs
  8 leopard geckos
  8 orcs
  5 bats
  4 giant cockroaches
  6 goblins
  9 hobgoblins
  2 quokkas
  A ball python (D:4)
  11 kobolds
  3 rats
86 creatures vanquished.

Notes
Turn   | Place    | Note
-------+----------+-------------------------------------------
     0 | D:1      | Morbidden the Avariel Reaver began the quest for the Orb.
     0 | D:1      | Reached XP level 1. HP: 13/13 MP: 6/6
    76 | D:1      | Reached XP level 2. HP: 18/18 MP: 7/7
   793 | D:2      | Reached XP level 3. HP: 9/23 MP: 9/9
  1076 | D:2      | Reached * piety under Vehumet
  1076 | D:2      | Offered knowledge of Flame Tongue by Vehumet.
  1079 | D:2      | Learned a level 1 spell: Flame Tongue
  2035 | D:1      | Reached XP level 4. HP: 17/28 MP: 4/10
  2578 | D:3      | Offered knowledge of Sandblast by Vehumet.
  2631 | D:3      | Reached skill level 1 in Conjurations
  2636 | D:3      | Reached ** piety under Vehumet
  2636 | D:3      | Reached XP level 5. HP: 16/32 MP: 3/11
  3534 | D:3      | Reached skill level 1 in Fire Magic
  4071 | D:3      | Found a burning altar of Makhleb.
  4414 | D:4      | Reached XP level 6. HP: 30/37 MP: 6/13
  4581 | D:5      | Entered Level 5 of the Dungeon
  4628 | D:5      | Noticed a sky beast
  4649 | D:5      | Killed a sky beast
  4649 | D:5      | Reached skill level 5 in Long Blades
  4898 | D:5      | Reached XP level 7. HP: 25/41 MP: 2/15
  4901 | D:5      | Reached skill level 1 in Stealth
  4949 | D:4      | Found a staircase to the Ecumenical Temple.
  5202 | Temple   | Entered the Ecumenical Temple
  5587 | D:4      | Reached skill level 5 in Spellcasting
  5636 | D:4      | Reached skill level 5 in Dodging
  6086 | D:4      | Offered knowledge of Searing Ray by Vehumet.
  6414 | D:3      | Slain by a sky beast

Skill      XL: |  1  2  3  4  5  6  7 |
---------------+----------------------+-----
Fighting       | 3 |  3.3
Dodging        | 4 5 |  5.1
Long Blades    | 4 5 |  5.4
Spellcasting   | 3 4 5 |  5.5
Conjurations   | 1 2 3 4 |  4.0
Fire Magic     | 1 2 |  2.0
Stealth        | 1 |  1.0

Action                   |  1- 3 |  4- 6 |  7- 9 || total
-------------------------+-------+-------+-------++-------
Melee: Long sword        |   140 |   133 |    56 ||   329
 Cast: Flame Tongue      |    10 |    75 |    40 ||   125
  Use: Potion            |       |     2 |     1 ||     3
       Scroll            |       |       |     9 ||     9
 Stab: Sleeping          |     1 |       |       ||     1
  Eat: Chunk             |     2 |    10 |     5 ||    17
Armor: Steam dragon scal |    47 |    41 |    19 ||   107
       Skin              |       |     7 |    13 ||    20
Dodge: Dodged            |    90 |   130 |    37 ||   257
Block: Other             |     2 |     3 |     2 ||     7
